 Dungeon Crawl Stone Soup version 0.30.1-9-gdf580d7c3d (webtiles) character file.

Game seed: 12398726507417853151

115 tizbic2 the Shooter (level 5, -1/39 (40) HPs)
             Began as a Formicid Hunter on Sept 25, 2023.
             Slain by an iguana (6 damage)
             ... on level 3 of the Dungeon.
             The game lasted 00:08:42 (2243 turns).

tizbic2 the Shooter (Formicid Hunter)               Turns: 2243, Time: 00:08:43

HP:   -1/39 (40)    AC:  9    Str: 17    XL:     5   Next: 20%
MP:   6/6           EV:  8    Int:  9    God:
Gold: 135           SH:  0    Dex: 17    Spells: 4/4 levels left

rFire   . . .        a - +0 shortbow
rCold   . . .        (no shield)
rNeg    . . .        j - +1 chain mail
rPois   .            (helmet unavailable)
rElec   .            (no cloak)
rCorr   .            (no gloves)
SInv    +            (no boots)
Will    .....        i - amulet of the acrobat Stlth
                     (no ring)
HPRegen 0.26/turn    (no ring)
MPRegen 0.10/turn

%: acrobat
@: lightly drained
A: permanent stasis, dig shafts and tunnels, antennae 3, four strong arms
a: Dig, Shaft Self


You were on level 3 of the Dungeon.
You visited 1 branch of the dungeon, and saw 3 of its levels.

You collected 135 gold pieces.

Inventory:

Hand Weapons
 a - a +0 shortbow (weapon)
 l - a +2 dagger of electrocution
Missiles
 g - 2 silver boomerangs
Armour
 j - a +1 chain mail (worn)
Jewellery
 i - an amulet of the acrobat (around neck)
Wands
 c - a wand of polymorph (6)
Scrolls
 b - 2 scrolls of immolation
 e - a scroll of brand weapon {unknown}
Potions
 d - a potion of degeneration {unknown}
 f - 3 potions of heal wounds {unknown}
 h - a potion of brilliance {unknown}
 k - a potion of lignification {unknown}


   Skills:
 + Level 2.9 Fighting
 + Level 4.3 Ranged Weapons
 * Level 2.6 Armour
 - Level 1.7 Dodging
 - Level 1.2 Stealth
 + Level 2.2 Shields
 + Level 1.9 Invocations


You had 4 spell levels left.
You didn't know any spells.
Your spell library was empty.

Dungeon Overview and Level Annotations

Branches:
Dungeon (3/15)

Altars:


Innate Abilities, Weirdness & Mutations

You cannot be hasted, slowed, berserked, paralysed or teleported.
You can dig through walls and to a lower floor.
You have a pair of large antennae on your head. (SInv)
Your four strong arms can wield two-handed weapons with a shield.


Message History

You kill the orc!
The orc hits you with a +0 hand axe.
You shoot an arrow. The arrow hits the orc!
You kill the orc!
The iguana completely misses you.
You shoot an arrow.
The arrow hits the iguana but does no damage.
The iguana barely misses you. The iguana bites you.
You shoot an arrow. The arrow barely misses the iguana.
The arrow hits the worm!
The worm is heavily wounded.
The iguana barely misses you.
You shoot an arrow. The arrow closely misses the iguana.
The arrow barely misses the worm.
The iguana bites you but does no damage.
The iguana bites you.
You shoot an arrow. The arrow hits the iguana.
The iguana is lightly wounded.
The iguana closely misses you.
You shoot an arrow. The arrow closely misses the iguana.
The arrow hits the worm!
The worm is severely wounded.
The iguana closely misses you. The iguana barely misses you.
You shoot an arrow.
The arrow hits the iguana but does no damage.
The iguana bites you but does no damage.
The iguana barely misses you.
You shoot an arrow. The arrow completely misses the iguana.
The arrow barely misses the worm.
The iguana bites you!
You shoot an arrow. The arrow hits the iguana.
The iguana is lightly wounded.
The iguana bites you. The iguana closely misses you.
You shoot an arrow.
The arrow hits the iguana but does no damage.
The iguana is lightly wounded.
The iguana bites you. The iguana bites you!
* * * LOW HITPOINT WARNING * * *
Are you sure you want to shaft yourself?
The iguana bites you.
You die...

.####### ........
... †....... ...
........ .>#
............ #.#
...........#####.#
............. .w#
...........# #l#
...........#
#@#######.#
####.......#
###.........#
##.......#
#....########
###........# #....#
....#†##...###....#
.#.##..##.........#
.#.#..............#
...#..##..........#
.#.##..##.........#


You could see a worm and an iguana.

Vanquished Creatures
  Robin (D:2)
  2 adders
  2 dart slugs (D:1)
  4 orcs (D:3)
  7 bats
  8 endoplasms
  6 giant cockroaches
  9 goblins
  8 hobgoblins
  3 jackals (D:1)
  6 kobolds
  2 quokkas
  5 ball pythons
  3 frilled lizards
  3 rats
69 creatures vanquished.

Notes
Turn   | Place    | Note
-------+----------+-------------------------------------------
     0 | D:1      | tizbic2 the Formicid Hunter began the quest for the Orb.
     0 | D:1      | Reached XP level 1. HP: 16/16 MP: 1/1
   130 | D:1      | Reached XP level 2. HP: 22/22 MP: 2/2
   137 | D:1      | Reached skill level 1 in Armour
   221 | D:1      | Reached skill level 1 in Shields
   368 | D:1      | Reached XP level 3. HP: 28/28 MP: 3/3
   415 | D:1      | Reached skill level 1 in Invocations
  1277 | D:2      | Reached XP level 4. HP: 34/34 MP: 4/4
  1293 | D:2      | Noticed Robin
  1797 | D:2      | Killed Robin
  2104 | D:3      | Reached XP level 5. HP: 23/39 MP: 6/6
  2243 | D:3      | Slain by an iguana

Illustrated notes

Levels and vault maps discovered:
D:1:      co_arrival_random_square_maze, layout_loops_ring, serial_rivers,
          chequers_serial_rivers_micro_e, chequers_serial_rivers_small_3,
          chequers_serial_rivers_small_b, chequers_serial_rivers_micro_d,
          chequers_serial_rivers_micro_d, chequers_serial_rivers_large_b
D:2:      layout_basic, uniq_robin
D:3:      layout_basic, tgw_trog, minmay_tree_intersection,
          minmay_close_crescents

Skill      XL: |  1  2  3  4 |
---------------+-------------+-----
Armour         | 1 2 |  2.6
Shields        | 1 2 |  2.2
Invocations    | 1 |  1.9
Fighting       | |  2.9
Ranged Weapons | |  4.3
Dodging        | |  1.7
Stealth        | |  1.2

Action                     |  1- 3 |  4- 6 || total
---------------------------+-------+-------++-------
  Melee: Unarmed           |     1 |       ||     1
         Dagger            |       |    13 ||    13
   Fire: Shortbow          |    85 |   105 ||   190
Ability: Dig               |       |     2 ||     2
         Shaft Self        |       |     1 ||     1
    Use: Scroll            |       |     4 ||     4
         Potion            |       |     1 ||     1
 Armour: Leather armour    |     4 |       ||     4
         Chain mail        |       |    63 ||    63
  Dodge: Dodged            |    20 |    65 ||    85
